 Dungeon Sprint DCSS version 0.31-a0-1-g4198be8af4 (webtiles) character file.

Game seed: 11931231083692559271

21 sircluck the Ruffian (level 2, -7/46 HPs)
             Began as a Troll Berserker on May 2, 2023.
             Was a Follower of Trog.
             Mangled by a hellwing (10 damage)
             ... in the Dungeon (Sprint VII: "The Pits").
             The game lasted 00:00:13 (34 turns).

sircluck the Ruffian (Troll Berserker)                Turns: 34, Time: 00:00:14

Health: -7/46      AC:  4    Str: 24    XL:     2   Next: 62%
Magic:  1/1        EV: 10    Int:  3    God:    Trog [*.....]
Gold:   0          SH:  0    Dex:  9    Spells: 1/1 levels left

rFire   . .          .
                       - Unarmed
rCold   . . .        (no shield)
rNeg    . . .        a - +0 animal skin
rPois   .            (helmet restricted)
rElec   .            (no cloak)
rCorr   .            (gloves unavailable)
SInv    .            (boots unavailable)
Will    .....        (no amulet) Stlth
                     (no ring)
HPRegen 1.07/turn    (no ring)
MPRegen 0.07/turn

%: no teleportation
@: berserking (expiring), weakened, very quick
A: large, unfitting armour, claws 3, regeneration 1, shaggy fur 1, tough skin 1
a: Renounce Religion, Berserk


You were in the Dungeon.
You worshipped Trog.
Trog was aware of your devotion.
You visited 1 branch

Inventory:

Armour
 a - a +0 animal skin (worn)
Scrolls
 g - a scroll of blinking
Potions
 b - a potion of curing
 c - a potion of heal wounds
 d - a potion of haste
 e - 2 potions of magic
 f - a potion of berserk rage


   Skills:
 + Level 3.4 Fighting
 + Level 3.5 Dodging
 + Level 4.3 Unarmed Combat


You had one spell level left.
You didn't know any spells.
Your spell library was empty.

Dungeon Overview and Level Annotations

Branches:
Dungeon (1/1)

Altars:


Innate Abilities, Weirdness & Mutations

You are too large for most types of armour.
You have claws for hands.
Your natural rate of healing is unusually fast.
You are covered in fur. (AC +1)
You have tough skin. (AC +1)


Message History

Unknown command.
You claw the gnoll!
You kill the gnoll!
Trog accepts your kill.
The hellwing swoops through the air toward you!
The hellwing hits you! The hellwing barely misses you.
The gnoll bouda barks out a call to the hunt!
The gnoll picks up the pace!
Your Unarmed Combat skill increases to level 4!
You closely miss the hellwing. The gnoll hits you with a +0 spear.
Unknown command.
Unknown command.
You barely miss the hellwing. The hellwing hits you. The hellwing hits you!
The gnoll bouda misses you. The gnoll closely misses you.
Unknown command.
You are too injured to fight recklessly!
Unknown command.
You are too injured to fight recklessly!
Unknown command.
You are too injured to fight recklessly!
Unknown command.
You are too injured to fight recklessly!
Unknown command.
You are too injured to fight recklessly!
Unknown command.
You are too injured to fight recklessly!
Unknown command.
You are too injured to fight recklessly!
You scratch the hellwing.
The hellwing is lightly wounded.
The komodo dragon barely misses you. The hellwing misses you.
The hellwing barely misses you. The gnoll bouda closely misses you.
You completely miss the hellwing. Your claw misses the hellwing.
The hellwing is lightly wounded.
The gnoll hits you with a +0 spear. The komodo dragon bites you!
* * * LOW HITPOINT WARNING * * *
You mangle the hellwing!!
The hellwing is heavily wounded.
The hellwing hits you!
You die...

##########++######
#................#
#......#..#......#
#................+
+................+
#)lg...#..#......#
#4@gg............#
####'#####''######
#.......##''#
#.......##.4..
#.......##g..##
#...<...##g.##
#.......##l.#
#.......##g.+
#.......#


You could see a hellwing, a komodo dragon, a gnoll bouda and 2 gnolls.

Vanquished Creatures
  2 gnolls (D)
2 creatures vanquished.

Notes
Turn   | Place    | Note
-------+----------+-------------------------------------------
     0 | D        | sircluck the Troll Berserker began the quest for the Orb.
     0 | D        | Reached XP level 1. HP: 22/22 MP: 0/0
    11 | D        | Noticed a gnoll bouda
    11 | D        | Noticed a hellwing
    12 | D        | Noticed a komodo dragon
    26 | D        | Reached XP level 2. HP: 31/31 MP: 1/1
    30 | D        | Reached skill level 4 in Unarmed Combat
    34 | D        | Mangled by a hellwing

Illustrated notes

Levels and vault maps discovered:
D:        pitsprint [storerooms_1, entrance_room_1, metal_vault_7, armoury_3,
          mini_pit_1, grid_room_1, main_hall_1, silver_pit, the_coven_3,
          the_vestibule_1, steel_vault_3, golden_pit, hallway_of_sentries,
          crystal_vault_1, iron_vault_4, final_vault]

Skill      XL: |  1  2 |
---------------+-------+-----
Fighting       | 3 |  3.4
Dodging        | 3 |  3.5
Unarmed Combat | 4 |  4.3

Action                     || total
---------------------------++-------
  Melee: Unarmed           ||    11
 Invoke: Berserk           ||     1
  Dodge: Dodged            ||    15

Table legend: (Time is in decaauts)
 A = Elapsed time spent in this place.
 B = Non-inter-level travel time spent in this place.
 C = Inter-level travel time spent in this place.
 D = Time resting spent in this place.
 E = Time spent auto-exploring this place.
 F = Levels seen in this place.
 G = Mean time per level.
                   A        B        C        D        E       F      G
               +--------+--------+--------+--------+--------+-----+--------+
         Total |     29 |     29 |      0 |      0 |     11 |   1 |   29.0 |
       Dungeon |     29 |     29 |      0 |      0 |     11 |   1 |   29.0 |
               +--------+--------+--------+--------+--------+-----+--------+

Top non-repeatable levels by time:
       D: 29 daAuts
